[ AOE2 MATCH · #484404204 ]
Team RMSaracens vs Japanese
[ REPLAY ANALYSIS · EXTRACTED FROM THE RECORDED GAME ]
Feudal
11:35
Castle
19:55
Imperial
—
| APM avg | 29.6 |
| APM peak | 68 |
| eAPM avg | 12.0 |
| Villagers / military | 73 / 14 |
Focus
⚔️ 18.6% · 🌾 81.4%
Knight ×3 · Monk ×2 · Mangonel ×2 · Spearman ×2 · Scout Cavalry ×2 · Mameluke ×1
Feudal
11:43
Castle
16:20
Imperial
33:55
| APM avg | 33.0 |
| APM peak | 76 |
| eAPM avg | 13.4 |
| Villagers / military | 82 / 33 |
Focus
⚔️ 20.6% · 🌾 79.4%
Cavalry Archer ×25 · Monk ×3 · Mangonel ×3 · Battering Ram ×1 · Trebuchet (Packed) ×1
Feudal
10:58
Castle
14:51
Imperial
32:25
| APM avg | 21.1 |
| APM peak | 46 |
| eAPM avg | 13.5 |
| Villagers / military | 144 / 215 |
Focus
⚔️ 30.1% · 🌾 69.9%
Eagle Scout ×208 · Monk ×6 · Spearman ×1
Feudal
9:53
Castle
20:03
Imperial
—
| APM avg | 55.3 |
| APM peak | 88 |
| eAPM avg | 29.1 |
| Villagers / military | 76 / 25 |
Focus
⚔️ 21.6% · 🌾 78.4%
Hussite Wagon ×13 · Mangonel ×6 · Scout Cavalry ×5 · Spearman ×1
Feudal
9:49
Castle
21:17
Imperial
—
| APM avg | 50.4 |
| APM peak | 83 |
| eAPM avg | 24.4 |
| Villagers / military | 92 / 60 |
Focus
⚔️ 54.5% · 🌾 45.5%
Cavalry Archer ×44 · Scout Cavalry ×9 · Scorpion ×4 · Knight ×3
Feudal
11:27
Castle
20:53
Imperial
—
| APM avg | 61.0 |
| APM peak | 100 |
| eAPM avg | 32.7 |
| Villagers / military | 90 / 116 |
Focus
⚔️ 21.8% · 🌾 78.2%
Cavalry Archer ×87 · Samurai ×7 · Spearman ×6 · Battering Ram ×6 · Mangonel ×5 · Militia ×3
Match map
Initial resources + every placement click. Lines = walls · curves = elevation contours. ◆ gold · ⬟ stone · ● berries · ✦ relic · ◌ wall gap
Your base· Open — unwalled flank
Dark's base· ✓ Closed at 16:20 · 35t walls · 1 gate(s)
Bratwurst's base· Open — 6t gap
edge2147's base· Open — 4t gap
Garrón Husita's base· Open — unwalled flank
l1ttl3's base· ✓ Closed at 20:53 · 49t walls · 2 gate(s)
Smoothed initial terrain · ◌ = detected wall gap · hover for details
Inputs per minute
— Gandlum - - Dark
Build order — Gandlum
First 150 of 181 actions detected
| 0:01 | Create | Villager (Male) ×4 |
| 0:03 | Build | House |
| 0:05 | Build | House |
| 1:39 | Create | Villager (Male) |
| 1:47 | Build | Lumber Camp |
| 1:59 | Create | Villager (Male) |
| 2:20 | Create | Villager (Male) |
| 2:20 | Create | Villager (Male) |
| 2:45 | Create | Villager (Male) |
| 2:45 | Create | Villager (Male) |
| 3:09 | Create | Villager (Male) |
| 3:09 | Create | Villager (Male) |
| 3:24 | Build | Palisade Wall |
| 3:52 | Build | Mill |
| 3:56 | Create | Villager (Male) |
| 3:57 | Create | Villager (Male) |
| 3:57 | Create | Villager (Male) |
| 4:39 | Build | House |
| 4:44 | Build | House |
| 4:49 | Research | Loom |
| 5:06 | Create | Villager (Male) |
| 5:08 | Create | Villager (Male) |
| 5:29 | Create | Villager (Male) |
| 5:29 | Create | Villager (Male) |
| 6:17 | Create | Villager (Male) |
| 6:17 | Create | Villager (Male) |
| 6:33 | Create | Villager (Male) |
| 6:34 | Create | Villager (Male) |
| 7:29 | Create | Villager (Male) |
| 7:29 | Create | Villager (Male) |
| 7:29 | Create | Villager (Male) |
| 7:55 | Build | House |
| 8:48 | Build | Mining Camp |
| 8:58 | Research | Feudal Age |
| 9:50 | Create | Villager (Male) |
| 11:35 | Age | Feudal Age |
| 11:41 | Research | Double-Bit Axe |
| 11:43 | Research | Horse Collar |
| 11:54 | Build | Blacksmith |
| 11:59 | Build | Palisade Wall |
| 12:11 | Create | Villager (Male) |
| 12:11 | Create | Villager (Male) |
| 12:24 | Build | Farm |
| 12:32 | Build | Market |
| 12:48 | Build | Farm |
| 13:06 | Build | Farm |
| 13:08 | Build | Farm |
| 13:09 | Build | Farm |
| 13:23 | Build | Farm |
| 13:25 | Build | Farm |
| 13:34 | Research | Wheelbarrow |
| 13:40 | Build | Palisade Gate |
| 13:42 | Build | House |
| 13:45 | Build | Palisade Wall |
| 14:03 | Create | Villager (Male) |
| 14:17 | Build | Barracks |
| 15:08 | Build | Lumber Camp |
| 15:23 | Build | Farm |
| 16:20 | Build | House |
| 16:21 | Build | House |
| 16:23 | Create | Villager (Male) |
| 16:51 | Build | Palisade Wall |
| 17:15 | Research | Castle Age |
| 17:19 | Build | Farm |
| 17:26 | Build | Barracks |
| 17:32 | Build | House |
| 17:32 | Build | House |
| 18:09 | Create | Spearman |
| 18:35 | Build | Lumber Camp |
| 19:04 | Build | Stable |
| 19:28 | Build | Mining Camp |
| 19:55 | Age | Castle Age |
| 19:56 | Create | Spearman |
| 20:04 | Build | Town Center |
| 20:13 | Create | Knight |
| 20:22 | Create | Villager (Male) |
| 20:22 | Create | Villager (Male) |
| 20:23 | Create | Villager (Male) |
| 20:23 | Create | Villager (Male) |
| 20:59 | Create | Villager (Male) |
| 20:59 | Create | Villager (Male) |
| 20:59 | Create | Villager (Male) |
| 21:09 | Build | Farm |
| 22:33 | Create | Knight |
| 22:34 | Create | Knight |
| 22:37 | Build | Farm |
| 22:40 | Build | Farm |
| 22:41 | Build | Farm |
| 23:10 | Create | Villager (Male) |
| 23:10 | Create | Villager (Male) |
| 23:11 | Create | Villager (Male) |
| 23:11 | Create | Villager (Male) |
| 23:32 | Build | Monastery |
| 23:59 | Build | Farm |
| 24:30 | Build | Farm |
| 24:38 | Research | Light Cavalry (upgrade) |
| 24:51 | Create | Monk |
| 25:01 | Create | Villager (Male) |
| 25:02 | Create | Villager (Male) |
| 25:31 | Create | Monk |
| 25:42 | Build | Farm |
| 25:51 | Create | Villager (Male) |
| 25:51 | Create | Villager (Male) |
| 26:02 | Create | Scout Cavalry |
| 26:03 | Create | Scout Cavalry |
| 27:05 | Create | Villager (Male) |
| 27:06 | Create | Villager (Male) |
| 27:23 | Build | Market |
| 27:30 | Build | Town Center |
| 27:38 | Build | Castle |
| 27:44 | Create | Villager (Male) |
| 27:44 | Create | Villager (Male) |
| 27:51 | Build | House |
| 27:51 | Build | House |
| 27:51 | Build | House |
| 27:52 | Build | House |
| 27:52 | Build | House |
| 27:52 | Build | House |
| 27:52 | Build | House |
| 28:30 | Create | Camel Scout |
| 28:33 | Build | House |
| 28:33 | Build | House |
| 28:34 | Build | House |
| 28:34 | Build | House |
| 28:34 | Build | House |
| 28:34 | Build | House |
| 28:38 | Research | Town Watch |
| 28:41 | Create | Villager (Male) |
| 28:42 | Create | Villager (Male) |
| 29:45 | Build | Town Center |
| 30:06 | Build | House |
| 30:07 | Build | House |
| 30:17 | Create | Villager (Male) |
| 30:17 | Create | Villager (Male) |
| 30:18 | Create | Villager (Male) |
| 30:35 | Build | Farm |
| 30:37 | Build | Farm |
| 30:50 | Create | Villager (Male) |
| 31:29 | Build | Farm |
| 31:31 | Build | House |
| 31:31 | Build | House |
| 31:32 | Build | House |
| 31:34 | Create | Villager (Male) |
| 31:35 | Create | Villager (Male) |
| 32:05 | Create | Villager (Male) |
| 32:06 | Create | Villager (Male) |
| 32:11 | Build | Farm |
| 32:38 | Build | Farm |
| 32:41 | Create | Villager (Male) |
| 32:45 | Build | House |
Build order — Dark
First 150 of 203 actions detected
| 0:01 | Create | Villager (Male) |
| 0:02 | Create | Villager (Male) |
| 0:02 | Create | Villager (Male) |
| 0:02 | Create | Villager (Male) |
| 0:03 | Create | Villager (Male) |
| 0:06 | Build | House |
| 0:08 | Build | House |
| 1:30 | Create | Villager (Male) |
| 2:03 | Create | Villager (Male) |
| 2:12 | Build | Mill |
| 2:18 | Create | Villager (Male) |
| 3:03 | Create | Villager (Male) |
| 3:03 | Create | Villager (Male) |
| 3:04 | Create | Villager (Male) |
| 3:51 | Create | Villager (Male) |
| 3:51 | Create | Villager (Male) |
| 3:54 | Create | Villager (Male) |
| 3:55 | Create | Villager (Male) |
| 4:21 | Build | House |
| 4:24 | Build | House |
| 5:29 | Create | Villager (Male) |
| 5:29 | Create | Villager (Male) |
| 5:29 | Create | Villager (Male) |
| 5:30 | Create | Villager (Male) |
| 6:12 | Build | House |
| 7:18 | Build | Lumber Camp |
| 7:24 | Build | Farm |
| 7:28 | Create | Villager (Male) |
| 7:29 | Create | Villager (Male) |
| 7:29 | Create | Villager (Male) |
| 7:37 | Build | Farm |
| 8:28 | Create | Villager (Male) |
| 8:55 | Create | Villager (Male) |
| 9:13 | Build | Mining Camp |
| 9:15 | Research | Feudal Age |
| 9:58 | Create | Villager (Male) |
| 9:58 | Create | Villager (Male) |
| 11:31 | Research | Loom |
| 11:32 | Create | Villager (Male) |
| 11:32 | Create | Villager (Male) |
| 11:43 | Age | Feudal Age |
| 11:51 | Build | Market |
| 11:57 | Build | Blacksmith |
| 12:13 | Build | Mining Camp |
| 12:57 | Create | Villager (Male) |
| 13:13 | Build | House |
| 13:21 | Build | House |
| 13:23 | Build | House |
| 13:31 | Build | Gate |
| 13:36 | Build | Stone Wall |
| 13:40 | Research | Castle Age |
| 13:45 | Research | Double-Bit Axe |
| 13:49 | Research | Horse Collar |
| 14:10 | Build | Stone Wall |
| 14:31 | Build | Stone Wall |
| 14:35 | Create | Villager (Male) |
| 14:50 | Build | Stone Wall |
| 15:08 | Create | Villager (Male) |
| 15:17 | Build | Farm |
| 15:21 | Build | Farm |
| 15:35 | Build | Farm |
| 15:36 | Build | Farm |
| 16:18 | Build | Farm |
| 16:20 | Build | Farm |
| 16:20 | Age | Castle Age |
| 16:48 | Create | Villager (Male) |
| 17:35 | Build | Castle |
| 17:36 | Create | Villager (Male) |
| 17:46 | Build | Siege Workshop |
| 17:50 | Create | Villager (Male) |
| 18:10 | Create | Villager (Male) |
| 18:33 | Build | Lumber Camp |
| 18:51 | Build | Lumber Camp |
| 18:54 | Create | Villager (Male) |
| 18:55 | Create | Villager (Male) |
| 19:10 | Create | Villager (Male) |
| 19:53 | Create | Villager (Male) |
| 20:05 | Research | Fletching |
| 20:05 | Create | Villager (Male) |
| 20:08 | Create | Mangonel |
| 20:16 | Research | Bow Saw |
| 20:39 | Build | Farm |
| 20:50 | Create | Mangonel |
| 21:11 | Create | Battering Ram |
| 21:24 | Build | Barracks |
| 21:53 | Create | Villager (Male) |
| 22:30 | Build | Monastery |
| 22:38 | Create | Villager (Male) |
| 22:39 | Create | Villager (Male) |
| 22:39 | Create | Villager (Male) |
| 22:40 | Create | Villager (Male) |
| 22:40 | Create | Villager (Male) |
| 22:53 | Create | Villager (Male) |
| 23:01 | Create | Mangonel |
| 23:08 | Create | Villager (Male) |
| 23:14 | Create | Monk |
| 23:14 | Create | Monk |
| 23:24 | Build | Archery Range |
| 23:24 | Create | Villager (Male) |
| 23:25 | Create | Villager (Male) |
| 23:35 | Build | Farm |
| 23:35 | Build | Farm |
| 23:36 | Build | Farm |
| 23:36 | Build | Farm |
| 24:26 | Create | Monk |
| 24:34 | Build | Archery Range |
| 24:36 | Create | Villager (Male) |
| 24:37 | Create | Villager (Male) |
| 24:42 | Create | Villager (Male) |
| 24:47 | Build | Farm |
| 24:48 | Build | Farm |
| 24:48 | Build | Farm |
| 24:48 | Build | Farm |
| 25:16 | Build | Outpost |
| 25:17 | Create | Villager (Male) |
| 25:31 | Create | Cavalry Archer |
| 25:31 | Create | Cavalry Archer |
| 25:31 | Create | Cavalry Archer |
| 25:34 | Create | Villager (Male) |
| 25:46 | Build | Mining Camp |
| 25:57 | Create | Villager (Male) |
| 26:34 | Create | Villager (Male) |
| 27:22 | Create | Cavalry Archer |
| 27:23 | Create | Cavalry Archer |
| 27:23 | Create | Cavalry Archer |
| 27:23 | Create | Cavalry Archer |
| 27:38 | Create | Villager (Male) |
| 27:38 | Create | Villager (Male) |
| 27:47 | Create | Cavalry Archer ×5 |
| 27:47 | Create | Cavalry Archer ×5 |
| 27:56 | Build | University |
| 28:20 | Create | Villager (Male) |
| 28:32 | Build | Stable |
| 28:50 | Build | Town Center |
| 28:52 | Create | Villager (Male) |
| 29:08 | Build | House |
| 29:40 | Build | House |
| 29:46 | Create | Villager (Male) |
| 29:53 | Build | Town Center |
| 29:55 | Create | Villager (Male) |
| 29:59 | Build | House |
| 30:00 | Build | House |
| 30:01 | Create | Villager (Male) |
| 30:11 | Create | Villager (Male) |
| 30:14 | Research | Wheelbarrow |
| 30:45 | Research | Imperial Age |
| 30:59 | Build | House |
| 31:03 | Research | Husbandry |
| 32:02 | Build | House |
| 32:20 | Research | Bloodlines |
Build order — Bratwurst
First 150 of 266 actions detected
| 0:01 | Create | Villager (Male) ×4 |
| 0:02 | Create | Villager (Male) ×4 |
| 0:03 | Build | House |
| 0:04 | Build | House |
| 1:29 | Create | Villager (Male) |
| 1:29 | Create | Villager (Male) |
| 1:50 | Build | Lumber Camp |
| 2:09 | Research | Loom |
| 2:13 | Create | Villager (Male) |
| 2:13 | Create | Villager (Male) |
| 2:27 | Create | Villager (Male) |
| 2:27 | Create | Villager (Male) |
| 3:11 | Create | Villager (Male) |
| 3:11 | Create | Villager (Male) |
| 3:12 | Create | Villager (Male) |
| 3:51 | Create | Villager (Male) |
| 3:51 | Create | Villager (Male) |
| 3:53 | Build | House |
| 4:14 | Create | Villager (Male) |
| 4:14 | Create | Villager (Male) |
| 4:18 | Build | Mill |
| 4:24 | Build | House |
| 5:15 | Create | Villager (Male) |
| 5:26 | Create | Villager (Male) |
| 5:26 | Create | Villager (Male) |
| 6:03 | Create | Villager (Male) |
| 6:04 | Create | Villager (Male) |
| 6:04 | Create | Villager (Male) |
| 6:13 | Build | House |
| 6:45 | Build | House |
| 7:06 | Create | Villager (Male) |
| 7:19 | Build | Palisade Wall |
| 7:24 | Create | Villager (Male) |
| 8:13 | Build | Barracks |
| 8:23 | Create | Villager (Male) |
| 8:24 | Research | Feudal Age |
| 8:25 | Research | Feudal Age |
| 9:13 | Build | House |
| 9:15 | Build | Palisade Wall |
| 9:46 | Create | Villager (Male) |
| 9:47 | Create | Villager (Male) |
| 10:58 | Age | Feudal Age |
| 11:00 | Build | Market |
| 11:20 | Build | Blacksmith |
| 12:00 | Build | Mining Camp |
| 12:11 | Research | Castle Age |
| 12:11 | Research | Castle Age |
| 12:37 | Build | Lumber Camp |
| 13:06 | Create | Villager (Male) |
| 13:15 | Build | Farm |
| 13:20 | Build | Farm |
| 13:26 | Research | Horse Collar |
| 13:29 | Build | Farm |
| 13:39 | Build | Farm |
| 14:16 | Create | Spearman |
| 14:51 | Age | Castle Age |
| 14:52 | Build | Monastery |
| 14:56 | Create | Villager (Male) |
| 15:07 | Build | Town Center |
| 15:19 | Create | Villager (Male) |
| 15:26 | Build | Farm |
| 15:34 | Create | Monk |
| 15:43 | Create | Villager (Male) |
| 15:50 | Build | Farm |
| 16:00 | Research | Double-Bit Axe |
| 16:13 | Build | Farm |
| 16:17 | Build | Farm |
| 16:28 | Create | Monk |
| 16:58 | Create | Villager (Male) ×2 |
| 16:58 | Create | Villager (Male) ×2 |
| 17:15 | Build | Farm |
| 17:17 | Build | Farm |
| 17:22 | Create | Monk |
| 17:32 | Build | Farm |
| 17:37 | Create | Villager (Male) ×3 |
| 17:38 | Create | Villager (Male) ×3 |
| 17:48 | Build | Farm |
| 18:02 | Build | Farm |
| 18:04 | Build | Farm |
| 18:08 | Create | Villager (Male) ×2 |
| 18:08 | Create | Villager (Male) ×2 |
| 18:22 | Create | Monk |
| 18:39 | Build | Farm |
| 18:40 | Create | Villager (Male) ×2 |
| 18:40 | Create | Villager (Male) ×2 |
| 18:43 | Build | Farm |
| 19:12 | Create | Eagle Scout |
| 19:18 | Build | Farm |
| 19:20 | Create | Villager (Male) ×4 |
| 19:20 | Create | Villager (Male) ×4 |
| 19:28 | Build | Town Center |
| 19:38 | Create | Villager (Male) ×2 |
| 19:40 | Create | Monk |
| 19:54 | Build | House |
| 19:56 | Create | Villager (Male) ×2 |
| 19:56 | Create | Villager (Male) ×2 |
| 19:59 | Build | House |
| 20:03 | Research | Fervor |
| 20:08 | Create | Eagle Scout |
| 20:13 | Build | House |
| 20:17 | Build | Barracks |
| 20:54 | Create | Eagle Scout |
| 21:13 | Create | Eagle Scout |
| 21:25 | Create | Eagle Scout |
| 21:30 | Create | Monk |
| 21:35 | Create | Villager (Male) ×5 |
| 21:35 | Create | Villager (Male) ×5 |
| 21:40 | Create | Villager (Male) ×2 |
| 21:40 | Create | Villager (Male) ×2 |
| 21:58 | Research | Scale Mail Armor |
| 22:04 | Build | Barracks |
| 22:18 | Create | Eagle Scout ×4 |
| 22:21 | Build | House |
| 22:23 | Build | Farm |
| 22:26 | Build | Farm |
| 22:29 | Build | House |
| 22:32 | Build | Farm |
| 22:35 | Research | Forging |
| 22:38 | Build | Farm |
| 22:48 | Build | Farm |
| 22:51 | Build | Farm |
| 22:58 | Build | Farm |
| 23:18 | Create | Villager (Male) ×5 |
| 23:18 | Create | Villager (Male) ×5 |
| 23:19 | Create | Villager (Male) |
| 23:34 | Build | House |
| 23:36 | Build | Farm |
| 23:39 | Create | Villager (Male) ×3 |
| 23:42 | Build | Farm |
| 23:44 | Build | Farm |
| 23:53 | Build | House |
| 24:00 | Build | Palisade Gate |
| 24:03 | Build | Farm |
| 24:09 | Build | Farm |
| 24:11 | Build | House |
| 24:13 | Build | Farm |
| 24:13 | Create | Villager (Male) ×5 |
| 24:14 | Create | Villager (Male) ×5 |
| 24:19 | Create | Eagle Scout ×2 |
| 24:19 | Create | Eagle Scout ×2 |
| 24:23 | Build | House |
| 24:31 | Build | Farm |
| 24:33 | Build | Farm |
| 24:40 | Research | Eagle Warrior (upgrade) |
| 24:40 | Research | Eagle Warrior (upgrade) |
| 25:18 | Research | Squires |
| 25:19 | Create | Eagle Scout ×5 |
| 25:19 | Create | Eagle Scout ×5 |
| 25:19 | Create | Eagle Scout ×5 |
| 25:20 | Create | Eagle Scout ×5 |
Build order — edge2147
First 150 of 169 actions detected
| 0:03 | Build | House |
| 0:04 | Build | House |
| 0:07 | Create | Villager (Male) |
| 0:07 | Create | Villager (Male) |
| 0:10 | Create | Villager (Male) |
| 0:15 | Create | Villager (Male) |
| 0:15 | Create | Villager (Male) |
| 1:20 | Create | Villager (Male) |
| 1:21 | Create | Villager (Male) |
| 1:53 | Build | Lumber Camp |
| 2:06 | Create | Villager (Male) |
| 2:06 | Create | Villager (Male) |
| 2:23 | Create | Villager (Male) |
| 2:24 | Create | Villager (Male) |
| 2:53 | Create | Villager (Male) |
| 2:53 | Create | Villager (Male) |
| 3:19 | Create | Villager (Male) |
| 3:20 | Create | Villager (Male) |
| 3:48 | Create | Villager (Male) |
| 3:48 | Create | Villager (Male) |
| 3:52 | Create | Villager (Male) |
| 3:52 | Create | Villager (Male) |
| 3:57 | Build | House |
| 4:33 | Create | Villager (Male) |
| 4:52 | Create | Villager (Male) |
| 4:52 | Create | Villager (Male) |
| 4:52 | Create | Villager (Male) |
| 5:14 | Build | Mill |
| 5:21 | Create | Villager (Male) |
| 5:36 | Create | Villager (Male) |
| 5:57 | Create | Villager (Male) |
| 6:10 | Build | House |
| 7:01 | Research | Loom |
| 7:43 | Research | Feudal Age |
| 8:28 | Build | Barracks |
| 8:38 | Build | Palisade Wall |
| 8:58 | Build | Palisade Wall |
| 9:43 | Create | Villager (Male) |
| 9:53 | Age | Feudal Age |
| 9:59 | Build | Palisade Wall |
| 10:05 | Research | Double-Bit Axe |
| 10:14 | Create | Spearman |
| 10:16 | Create | Villager (Male) |
| 10:33 | Build | Palisade Wall |
| 10:47 | Create | Villager (Male) |
| 11:04 | Build | Stable |
| 11:05 | Create | Villager (Male) |
| 11:17 | Build | House |
| 11:18 | Build | House |
| 11:27 | Build | Palisade Wall |
| 11:59 | Create | Villager (Male) |
| 12:01 | Build | Farm |
| 12:03 | Build | Farm |
| 12:05 | Create | Scout Cavalry |
| 12:20 | Create | Villager (Male) |
| 12:31 | Build | Farm |
| 12:32 | Create | Villager (Male) |
| 12:33 | Create | Scout Cavalry |
| 12:48 | Build | Farm |
| 12:52 | Build | House |
| 12:56 | Build | Farm |
| 13:02 | Build | Farm |
| 13:06 | Create | Scout Cavalry |
| 13:20 | Create | Villager (Male) |
| 13:31 | Create | Villager (Male) |
| 13:49 | Create | Villager (Male) |
| 14:00 | Create | Villager (Male) |
| 14:15 | Build | Farm |
| 14:16 | Create | Villager (Male) |
| 14:21 | Build | Farm |
| 14:22 | Build | Farm |
| 14:27 | Build | Market |
| 14:40 | Create | Villager (Male) |
| 14:47 | Build | Mining Camp |
| 14:51 | Build | Farm |
| 15:00 | Build | House |
| 15:12 | Create | Villager (Male) |
| 15:31 | Build | House |
| 15:33 | Build | Palisade Wall |
| 15:43 | Build | Farm |
| 15:44 | Build | Farm |
| 15:52 | Build | House |
| 16:13 | Build | Farm |
| 16:18 | Create | Villager (Male) |
| 16:35 | Build | Palisade Gate |
| 16:43 | Build | Palisade Wall |
| 17:23 | Research | Castle Age |
| 17:31 | Build | House |
| 17:36 | Research | Horse Collar |
| 17:39 | Create | Scout Cavalry |
| 18:05 | Create | Villager (Male) |
| 18:25 | Create | Villager (Male) |
| 19:16 | Create | Villager (Male) |
| 19:34 | Build | Mining Camp |
| 20:03 | Age | Castle Age |
| 20:11 | Build | Castle |
| 20:18 | Create | Scout Cavalry |
| 21:22 | Create | Villager (Male) |
| 21:27 | Build | House |
| 21:30 | Build | Palisade Wall |
| 21:37 | Build | House |
| 21:44 | Build | Palisade Wall |
| 21:53 | Build | Palisade Wall |
| 21:55 | Build | Palisade Wall |
| 21:57 | Create | Villager (Male) |
| 22:42 | Create | Villager (Male) |
| 22:51 | Create | Villager (Male) |
| 22:59 | Build | Mining Camp |
| 23:28 | Create | Villager (Male) |
| 24:09 | Build | Farm |
| 24:18 | Create | Villager (Male) |
| 24:44 | Build | Lumber Camp |
| 24:46 | Create | Villager (Male) |
| 24:59 | Build | Blacksmith |
| 25:01 | Create | Hussite Wagon |
| 25:01 | Create | Hussite Wagon |
| 25:01 | Create | Hussite Wagon |
| 25:20 | Create | Villager (Male) |
| 25:30 | Create | Villager (Male) |
| 25:44 | Create | Villager (Male) |
| 25:57 | Build | Siege Workshop |
| 26:03 | Create | Villager (Male) |
| 26:21 | Create | Villager (Male) |
| 26:28 | Create | Villager (Male) |
| 26:37 | Create | Villager (Male) |
| 26:44 | Create | Villager (Male) |
| 27:04 | Build | Castle |
| 27:42 | Create | Villager (Male) |
| 27:59 | Create | Mangonel |
| 28:00 | Create | Villager (Male) |
| 28:37 | Create | Villager (Male) |
| 28:48 | Create | Villager (Male) |
| 28:55 | Create | Villager (Male) |
| 29:12 | Build | Lumber Camp |
| 29:15 | Create | Villager (Male) |
| 29:45 | Create | Hussite Wagon |
| 29:46 | Create | Hussite Wagon |
| 29:46 | Create | Hussite Wagon |
| 29:48 | Create | Villager (Male) |
| 30:04 | Build | Lumber Camp |
| 30:13 | Create | Villager (Male) |
| 30:21 | Create | Villager (Male) |
| 30:31 | Create | Villager (Male) |
| 30:38 | Create | Hussite Wagon |
| 30:38 | Create | Hussite Wagon |
| 30:38 | Create | Hussite Wagon |
| 31:11 | Create | Villager (Male) |
| 31:18 | Create | Hussite Wagon |
| 31:18 | Create | Hussite Wagon |
| 31:21 | Create | Villager (Male) |
Build order — Garrón Husita
First 150 of 248 actions detected
| 0:02 | Create | Villager (Male) |
| 0:02 | Create | Villager (Male) |
| 0:02 | Create | Villager (Male) |
| 0:02 | Create | Villager (Male) |
| 0:04 | Build | House |
| 0:05 | Build | House |
| 1:25 | Create | Villager (Male) |
| 1:26 | Create | Villager (Male) |
| 2:05 | Create | Villager (Male) |
| 2:05 | Create | Villager (Male) |
| 2:05 | Create | Villager (Male) |
| 2:21 | Create | Villager (Male) |
| 2:21 | Create | Villager (Male) |
| 2:47 | Build | Lumber Camp |
| 2:51 | Create | Villager (Male) |
| 2:51 | Create | Villager (Male) |
| 2:51 | Create | Villager (Male) |
| 2:51 | Create | Villager (Male) |
| 2:59 | Build | House |
| 3:28 | Create | Villager (Male) |
| 3:29 | Create | Villager (Male) |
| 3:29 | Create | Villager (Male) |
| 4:02 | Create | Villager (Male) |
| 4:02 | Create | Villager (Male) |
| 4:02 | Create | Villager (Male) |
| 4:18 | Create | Villager (Male) |
| 4:18 | Create | Villager (Male) |
| 4:18 | Create | Villager (Male) |
| 4:19 | Create | Villager (Male) |
| 4:33 | Create | Villager (Male) |
| 4:56 | Build | House |
| 5:08 | Create | Villager (Male) |
| 5:08 | Create | Villager (Male) |
| 5:08 | Create | Villager (Male) |
| 5:23 | Build | Mill |
| 5:51 | Create | Villager (Male) |
| 6:13 | Create | Villager (Male) |
| 7:08 | Create | Villager (Male) |
| 7:33 | Research | Feudal Age |
| 7:34 | Research | Loom |
| 8:01 | Build | Barracks |
| 8:04 | Build | Palisade Wall |
| 8:09 | Build | House |
| 8:39 | Create | Villager (Male) |
| 8:39 | Create | Villager (Male) |
| 9:05 | Build | House |
| 9:07 | Build | Palisade Wall |
| 9:10 | Build | Palisade Wall |
| 9:49 | Age | Feudal Age |
| 9:52 | Build | Stable |
| 9:53 | Build | House |
| 9:56 | Research | Double-Bit Axe |
| 9:58 | Research | Horse Collar |
| 10:07 | Create | Villager (Male) |
| 10:07 | Create | Villager (Male) |
| 10:07 | Create | Villager (Male) |
| 10:15 | Build | Palisade Wall |
| 10:18 | Build | Palisade Gate |
| 10:34 | Create | Scout Cavalry |
| 10:34 | Create | Scout Cavalry |
| 10:38 | Create | Scout Cavalry |
| 10:56 | Create | Villager (Male) |
| 11:12 | Build | Palisade Wall |
| 11:16 | Build | Palisade Wall |
| 11:23 | Build | House |
| 11:24 | Create | Scout Cavalry |
| 11:24 | Create | Scout Cavalry |
| 11:32 | Build | Farm |
| 11:36 | Build | Farm |
| 11:37 | Build | Farm |
| 11:37 | Build | Farm |
| 11:37 | Build | Farm |
| 11:46 | Build | Farm |
| 11:51 | Create | Scout Cavalry |
| 11:53 | Build | Farm |
| 12:06 | Build | Farm |
| 12:22 | Build | Farm |
| 12:30 | Build | House |
| 12:41 | Create | Villager (Male) |
| 12:47 | Build | Farm |
| 12:50 | Build | Farm |
| 13:01 | Create | Villager (Male) |
| 13:07 | Build | House |
| 13:16 | Create | Scout Cavalry |
| 13:33 | Build | House |
| 13:48 | Create | Villager (Male) |
| 14:04 | Create | Villager (Male) |
| 14:09 | Create | Scout Cavalry |
| 14:14 | Build | Farm |
| 14:15 | Build | Farm |
| 14:15 | Build | Farm |
| 14:15 | Build | Farm |
| 14:23 | Create | Villager (Male) |
| 14:37 | Create | Villager (Male) |
| 15:16 | Create | Villager (Male) |
| 15:17 | Create | Villager (Male) |
| 15:18 | Create | Scout Cavalry |
| 15:28 | Build | House |
| 15:58 | Create | Villager (Male) |
| 16:03 | Build | Mining Camp |
| 16:08 | Build | Farm |
| 16:08 | Build | Farm |
| 16:08 | Build | Farm |
| 16:18 | Create | Villager (Male) |
| 16:30 | Build | House |
| 16:40 | Build | House |
| 16:45 | Build | Palisade Wall |
| 16:51 | Create | Villager (Male) |
| 17:15 | Create | Villager (Male) |
| 17:27 | Build | Market |
| 17:44 | Build | House |
| 18:37 | Research | Castle Age |
| 18:38 | Research | Castle Age |
| 19:11 | Build | Archery Range |
| 19:13 | Create | Villager (Male) |
| 19:39 | Research | Bloodlines |
| 19:53 | Build | Archery Range |
| 20:13 | Build | Blacksmith |
| 21:05 | Research | Fletching |
| 21:07 | Research | Padded Archer Armor |
| 21:17 | Age | Castle Age |
| 21:25 | Create | Cavalry Archer |
| 21:25 | Create | Cavalry Archer |
| 21:31 | Research | Gold Mining |
| 21:42 | Build | House |
| 21:44 | Build | House |
| 21:46 | Create | Cavalry Archer |
| 21:47 | Create | Cavalry Archer |
| 22:08 | Create | Villager (Male) |
| 22:08 | Create | Villager (Male) |
| 22:09 | Create | Cavalry Archer |
| 22:10 | Create | Cavalry Archer |
| 22:18 | Build | University |
| 22:25 | Create | Cavalry Archer |
| 22:26 | Create | Cavalry Archer |
| 22:26 | Create | Villager (Male) |
| 22:32 | Research | Bodkin Arrow |
| 22:51 | Build | House |
| 22:53 | Create | Villager (Male) |
| 23:10 | Create | Cavalry Archer |
| 23:10 | Create | Cavalry Archer |
| 23:12 | Create | Villager (Male) |
| 23:25 | Build | House |
| 23:27 | Create | Villager (Male) |
| 23:40 | Research | Wheelbarrow |
| 23:49 | Create | Cavalry Archer |
| 23:50 | Create | Cavalry Archer |
| 23:51 | Create | Villager (Male) |
| 23:51 | Create | Villager (Male) |
| 24:11 | Create | Cavalry Archer |
Build order — l1ttl3
First 150 of 266 actions detected
| 0:02 | Create | Villager (Male) |
| 0:02 | Create | Villager (Male) |
| 0:03 | Build | House |
| 0:04 | Build | House |
| 0:26 | Create | Villager (Male) |
| 0:26 | Create | Villager (Male) |
| 1:31 | Create | Villager (Male) |
| 1:32 | Create | Villager (Male) |
| 1:59 | Create | Villager (Male) |
| 1:59 | Create | Villager (Male) |
| 2:25 | Create | Villager (Male) |
| 2:39 | Build | Lumber Camp |
| 2:49 | Create | Villager (Male) |
| 2:49 | Create | Villager (Male) |
| 3:01 | Create | Villager (Male) |
| 3:02 | Create | Villager (Male) |
| 3:30 | Create | Villager (Male) |
| 3:48 | Create | Villager (Male) |
| 3:56 | Build | House |
| 4:19 | Build | Mill |
| 4:32 | Create | Villager (Male) |
| 4:32 | Create | Villager (Male) |
| 5:28 | Create | Villager (Male) |
| 5:28 | Create | Villager (Male) |
| 5:42 | Create | Villager (Male) |
| 6:00 | Build | Barracks |
| 6:21 | Build | Lumber Camp |
| 6:28 | Create | Villager (Male) |
| 6:38 | Build | House |
| 6:52 | Build | Palisade Gate |
| 6:58 | Create | Villager (Male) |
| 7:18 | Create | Villager (Male) |
| 7:18 | Create | Villager (Male) |
| 7:40 | Build | Palisade Wall |
| 8:02 | Build | Palisade Wall |
| 8:08 | Build | Palisade Wall |
| 8:11 | Build | Palisade Wall |
| 8:17 | Create | Villager (Male) |
| 8:27 | Create | Villager (Male) |
| 8:58 | Build | Mining Camp |
| 9:02 | Research | Loom |
| 9:17 | Research | Feudal Age |
| 9:24 | Build | House |
| 9:35 | Build | House |
| 9:43 | Create | Villager (Male) |
| 9:43 | Create | Villager (Male) |
| 9:56 | Create | Militia |
| 9:56 | Create | Militia |
| 9:57 | Create | Militia |
| 10:31 | Build | Farm |
| 10:31 | Build | Farm |
| 10:32 | Build | Farm |
| 10:32 | Build | Farm |
| 10:32 | Build | Farm |
| 10:33 | Build | Farm |
| 10:46 | Create | Villager (Male) |
| 10:51 | Build | House |
| 10:52 | Build | Palisade Wall |
| 10:54 | Create | Villager (Male) |
| 10:58 | Build | Farm |
| 11:26 | Build | Lumber Camp |
| 11:27 | Age | Feudal Age |
| 11:53 | Research | Man-at-Arms (upgrade) |
| 11:58 | Research | Double-Bit Axe |
| 11:58 | Research | Double-Bit Axe |
| 11:59 | Create | Villager (Male) |
| 12:25 | Build | Farm |
| 12:27 | Build | Farm |
| 12:46 | Create | Villager (Male) |
| 12:47 | Create | Villager (Male) |
| 12:49 | Build | Farm |
| 12:49 | Create | Villager (Male) |
| 12:50 | Create | Villager (Male) |
| 13:18 | Build | Farm |
| 13:18 | Build | Farm |
| 13:18 | Build | Farm |
| 13:18 | Build | Farm |
| 13:19 | Build | Farm |
| 13:47 | Create | Villager (Male) |
| 13:48 | Create | Villager (Male) |
| 13:51 | Build | Farm |
| 13:53 | Create | Spearman |
| 13:54 | Create | Spearman |
| 14:24 | Create | Villager (Male) |
| 14:37 | Build | Archery Range |
| 14:51 | Build | Farm |
| 14:52 | Build | Farm |
| 14:53 | Create | Villager (Male) |
| 14:56 | Create | Villager (Male) |
| 15:03 | Build | Market |
| 15:10 | Create | Spearman |
| 15:24 | Build | Farm |
| 15:49 | Build | Palisade Wall |
| 15:53 | Build | Palisade Wall |
| 15:55 | Build | Palisade Wall |
| 16:01 | Build | Palisade Wall |
| 16:08 | Build | House |
| 16:11 | Create | Villager (Male) |
| 16:11 | Create | Villager (Male) |
| 16:16 | Build | House |
| 16:45 | Build | Farm |
| 16:48 | Create | Villager (Male) |
| 16:48 | Research | Wheelbarrow |
| 16:59 | Create | Spearman |
| 16:59 | Create | Spearman |
| 17:12 | Create | Villager (Male) |
| 17:15 | Build | Farm |
| 17:20 | Build | House |
| 17:44 | Research | Loom |
| 17:48 | Research | Castle Age |
| 18:30 | Build | Palisade Gate |
| 18:38 | Create | Villager (Male) |
| 18:43 | Build | Archery Range |
| 18:58 | Create | Villager (Male) |
| 19:12 | Build | Mining Camp |
| 19:27 | Create | Spearman |
| 19:33 | Build | Lumber Camp |
| 20:40 | Build | Blacksmith |
| 20:47 | Create | Villager (Male) |
| 20:53 | Age | Castle Age |
| 21:00 | Research | Thumb Ring |
| 21:01 | Create | Cavalry Archer ×3 |
| 21:01 | Create | Cavalry Archer ×3 |
| 21:15 | Create | Villager (Male) |
| 21:43 | Build | Castle |
| 21:55 | Create | Cavalry Archer ×2 |
| 21:55 | Create | Cavalry Archer ×2 |
| 21:55 | Create | Cavalry Archer ×2 |
| 22:23 | Create | Villager (Male) |
| 22:23 | Create | Villager (Male) |
| 22:51 | Create | Villager (Male) |
| 23:01 | Create | Trade Cart |
| 23:21 | Create | Villager (Male) |
| 24:00 | Create | Villager (Male) |
| 24:23 | Build | Lumber Camp |
| 24:24 | Build | Siege Workshop |
| 24:30 | Create | Cavalry Archer ×4 |
| 24:30 | Create | Cavalry Archer ×4 |
| 24:31 | Create | Villager (Male) |
| 24:31 | Create | Villager (Male) |
| 24:32 | Create | Villager (Male) |
| 25:10 | Create | Villager (Male) |
| 25:12 | Create | Battering Ram |
| 25:13 | Create | Battering Ram |
| 25:23 | Create | Villager (Male) |
| 25:24 | Create | Villager (Male) |
| 25:38 | Research | Fletching |
| 25:38 | Research | Padded Archer Armor |
| 25:51 | Build | House |
| 26:11 | Create | Cavalry Archer ×2 |
Match timeline
| 3:24 | Gandlum · wall_segment Palisade Wall x1 |
| 6:00 | l1ttl3 · first_building Barracks |
| 7:19 | Bratwurst · wall_segment Palisade Wall x4 |
| 7:40 | l1ttl3 · wall_segment Palisade Wall x1 |
| 8:01 | Garrón Husita · first_building Barracks |
| 8:02 | l1ttl3 · wall_segment Palisade Wall x7 |
| 8:04 | Garrón Husita · wall_segment Palisade Wall x1 |
| 8:08 | l1ttl3 · wall_segment Palisade Wall x4 |
| 8:11 | l1ttl3 · wall_segment Palisade Wall x5 |
| 8:13 | Bratwurst · first_building Barracks |
| 8:28 | edge2147 · first_building Barracks |
| 8:38 | edge2147 · wall_segment Palisade Wall x10 |
| 8:58 | edge2147 · wall_segment Palisade Wall x14 |
| 9:07 | Garrón Husita · wall_segment Palisade Wall x2 |
| 9:10 | Garrón Husita · wall_segment Palisade Wall x6 |
| 9:15 | Bratwurst · wall_segment Palisade Wall x1 |
| 9:49 | Garrón Husita · age_up feudal |
| 9:52 | Garrón Husita · first_building Stable |
| 9:53 | edge2147 · age_up feudal |
| 9:59 | edge2147 · wall_segment Palisade Wall x4 |
| 10:15 | Garrón Husita · wall_segment Palisade Wall x6 |
| 10:33 | edge2147 · wall_segment Palisade Wall x2 |
| 10:52 | l1ttl3 · wall_segment Palisade Wall x1 |
| 10:58 | Bratwurst · age_up feudal |
| 11:04 | edge2147 · first_building Stable |
| 11:12 | Garrón Husita · wall_segment Palisade Wall x1 |
| 11:16 | Garrón Husita · wall_segment Palisade Wall x9 |
| 11:27 | edge2147 · wall_segment Palisade Wall x17 |
| 11:27 | l1ttl3 · age_up feudal |
| 11:35 | Gandlum · age_up feudal |
| 11:43 | Dark · age_up feudal |
| 11:59 | Gandlum · wall_segment Palisade Wall x1 |
| 12:07 | Bratwurst · first_market_sell 100 food |
| 13:36 | Dark · wall_segment Stone Wall x4 |
| 13:45 | Gandlum · wall_segment Palisade Wall x1 |
| 14:10 | Dark · wall_segment Stone Wall x8 |
| 14:17 | Gandlum · first_building Barracks |
| 14:31 | Dark · wall_segment Stone Wall x13 |
| 14:37 | l1ttl3 · first_building Archery Range |
| 14:50 | Dark · wall_segment Stone Wall x10 |
| 14:51 | Bratwurst · age_up castle |
| 14:52 | Bratwurst · first_building Monastery |
| 15:33 | edge2147 · wall_segment Palisade Wall x18 |
| 15:40 | Bratwurst · first_market_buy 100 food |
| 15:49 | l1ttl3 · wall_segment Palisade Wall x7 |
| 15:53 | l1ttl3 · wall_segment Palisade Wall x7 |
| 15:55 | l1ttl3 · wall_segment Palisade Wall x5 |
| 16:01 | l1ttl3 · wall_segment Palisade Wall x13 |
| 16:20 | Dark · age_up castle |
| 16:43 | edge2147 · wall_segment Palisade Wall x7 |
| 16:45 | Garrón Husita · wall_segment Palisade Wall x16 |
| 16:48 | edge2147 · first_market_sell 100 wood |
| 16:51 | Gandlum · wall_segment Palisade Wall x1 |
| 16:52 | edge2147 · first_market_buy 100 food |
| 17:35 | Dark · first_building Castle |
| 17:46 | Dark · first_building Siege Workshop |
| 19:04 | Gandlum · first_building Stable |
| 19:11 | Garrón Husita · first_building Archery Range |
| 19:37 | Garrón Husita · first_market_sell 100 food |
| 19:45 | Garrón Husita · first_market_buy 100 wood |
| 19:55 | Gandlum · age_up castle |
| 20:03 | edge2147 · age_up castle |
| 20:11 | edge2147 · first_building Castle |
| 20:53 | l1ttl3 · age_up castle |
| 21:17 | Garrón Husita · age_up castle |
| 21:24 | Dark · first_building Barracks |
| 21:30 | edge2147 · wall_segment Palisade Wall x1 |
| 21:32 | l1ttl3 · first_market_sell 100 food |
| 21:33 | l1ttl3 · first_market_buy 100 stone |
| 21:43 | l1ttl3 · first_building Castle |
| 21:44 | edge2147 · wall_segment Palisade Wall x1 |
| 21:53 | edge2147 · wall_segment Palisade Wall x2 |
| 21:55 | edge2147 · wall_segment Palisade Wall x3 |
| 22:30 | Dark · first_building Monastery |
| 22:31 | Gandlum · first_market_sell 100 food |
| 23:24 | Dark · first_building Archery Range |
| 23:32 | Gandlum · first_building Monastery |
| 24:24 | l1ttl3 · first_building Siege Workshop |
| 25:55 | Garrón Husita · first_building Siege Workshop |
| 25:57 | edge2147 · first_building Siege Workshop |
| 26:00 | Gandlum · first_market_buy 100 food |
| 27:38 | Gandlum · first_building Castle |
| 28:13 | Bratwurst · wall_segment Palisade Wall x8 |
| 28:32 | Dark · first_building Stable |
| 30:35 | Dark · first_market_sell 100 food |
| 31:57 | Bratwurst · first_building Castle |
| 32:25 | Bratwurst · age_up imperial |
| 33:53 | Gandlum · first_building Siege Workshop |
| 33:55 | Dark · age_up imperial |
| 35:54 | edge2147 · resign |
[ AI ANALYSIS · 1 CREDIT ]
What really happened in this match?
Wolo.gg analyzes every decision: build order, eco, micro, common mistakes by bracket. Personalized analysis on WhatsApp or Discord in 30 seconds.
Civ guide
Saracens
Map guide
MegaRandom
Perfil
Jugador #1873421